 Dungeon Crawl Stone Soup version 0.29.0-4-gdea44cf6ec (webtiles) character file.

Game seed: 1757901303744683207

1918 qw the Grappler (level 8, -2/85 HPs)
             Began as a Troll Cinder Acolyte on Sept 1, 2022.
             Was a Priest of Ignis.
             Slain by a yak (7 damage)
             ... on level 9 of the Dungeon.
             The game lasted 00:03:44 (6839 turns).

qw the Grappler (Troll Cinder Acolyte)              Turns: 6839, Time: 00:03:44

Health: -2/85      AC: 12    Str: 25    XL:     8   Next: 95%
Magic:  8/8        EV:  9    Int: 10    God:    Ignis [***...]
Gold:   1135       SH:  0    Dex:  7    Spells: 9/9 levels left

rFire   + . .      SeeInvis +     - Unarmed
rCold   . . .      Faith    .   (no shield)
rNeg    + . .      Spirit   .   a - +0 robe
rPois   +          Reflect  .   (helmet restricted)
rElec   +          Harm     .   m - +0 cloak
rCorr   .          Rampage  .   (gloves unavailable)
Will    +++..      Clarity  +   (boots unavailable)
Stlth   ++........              (no amulet)
HPRegen 1.04/turn               c - ring "Uromucen" {rElec rN+ Will+++ SInv}
MPRegen 0.11/turn               h - ring of poison resistance

@: lethally poisoned (-2 -> -4), about to teleport, fiery-armoured
A: large, unfitting armour, claws 3, regeneration 1, shaggy fur 1, tough skin 1,
horns 1, thin skeletal structure 1, clarity, robust 1
a: Renounce Religion, Fiery Armour, Foxfire Swarm, Rising Flame


You were on level 9 of the Dungeon.
You worshipped Ignis.
Ignis was most pleased with you.
You visited 1 branch of the dungeon, and saw 9 of its levels.
You also visited: Sewer and Ossuary.

You collected 1135 gold pieces.


Innate Abilities, Weirdness & Mutations

You are too large for most types of armour.
You have claws for hands.
Your natural rate of healing is unusually fast.
You are covered in fur. (AC +1)
You have tough skin. (AC +1)
You have a pair of small horns on your head.
You have a somewhat thin skeletal structure. (Dex +2, Stealth+)
You possess an exceptional clarity of mind.
You are robust. (+10% HP)


   Skills:
 - Level 4.0 Fighting
 - Level 1.3 Throwing
 - Level 1.0 Dodging
 + Level 11.1 Unarmed Combat
 - Level 1.0 Spellcasting
 - Level 2.1 Fire Magic


You had 9 spell levels left.
You didn't know any spells.
Your spell library contained the following spells:

 Spells                   Type           Power      Damage    Failure   Level
 Scorch                   Fire           8%         2d5       22%         2

Inventory:

Missiles
 r - a boomerang (quivered)
Armour
 a - a +0 robe (worn)
 m - a +0 cloak (worn)
Jewellery
 c - the ring "Uromucen" (left claw) {rElec rN+ Will+++ SInv}
   (You found it on level 2 of the Dungeon)

   [ring of see invisible]

   rElec:     It insulates you from electricity.
   rN:        It protects you from negative energy.
   SInv:      It lets you see invisible.
   Will:      It greatly increases your willpower.
 h - a ring of poison resistance (right claw)
 j - a +4 ring of evasion
 k - a +6 ring of strength
 l - a ring of fire
Scrolls
 d - a scroll of identify
 f - 3 scrolls of teleportation
 q - a scroll of enchant weapon
Potions
 b - a potion of cancellation
 e - a potion of resistance
 g - a potion of might
 i - 2 potions of curing
 n - a potion of brilliance {unknown}
 o - a potion of heal wounds {unknown}
 p - 2 potions of mutation
 s - a potion of invisibility {unknown}

Dungeon Overview and Level Annotations

Branches:
Dungeon (10/15)            Temple (0/1) D:5           Sewer (visited)
Ossuary (visited)
   Lair: D:8-11         Orc: D:9-12

Altars:
Fedhas
Kikubaaqudgha
Okawaru
Qazlal
Ru
Trog
The Shining One


Message History

The killer bee barely misses you. The killer bee stings you.
The killer bee is burned by your cloak of flames.
You kill the killer bee!
The killer bee stings you. The killer bee completely misses you.
The yak barely misses you. x2
You closely miss the killer bee.
The killer bee is severely wounded.
You feel sick.
The killer bee stings you but does no damage.
The killer bee is burned by your cloak of flames.
You kill the killer bee!
The centaur wields a +0 shortbow.
The centaur shoots an arrow.
The arrow hits you!
The killer bee stings you but does no damage.
The killer bee is burned by your cloak of flames.
The killer bee is lightly wounded.
You mangle the yak!! Your headbutt misses the yak. You claw the yak.
You kill the yak!
You feel sick. The killer bee stings you.
You are more poisoned.
The killer bee poisons you!
The killer bee is burned by your cloak of flames.
The killer bee is heavily wounded.
The centaur shoots an arrow.
The arrow hits you! The yak gores you!
The yak is burned by your cloak of flames.
The yak is moderately wounded.
The killer bee closely misses you.
Your Unarmed Combat skill increases to level 11!
6839 ||| READING 4 scrolls of teleportation.
As you read the scroll of teleportation, it crumbles to dust.
You feel strangely unstable.
You feel very sick.
The killer bee stings you but does no damage.
The killer bee is burned by your cloak of flames.
The killer bee is almost dead.
The centaur shoots an arrow.
The arrow barely misses you.
The arrow hits the killer bee!
The killer bee dies!
The yak gores you!
You die...

#.......#
#.......# #
#.......#..
+.........
#.......#
..###.......#
.......YY...#..
.....c%@.......
##.##########..


You could see 2 yaks and a centaur.

Vanquished Creatures
  Sigmund (D:3)
  A yak (D:9)
  A sky beast (D:7)
  An ice beast (D:6)
  A centaur (D:6)
  3 bullfrogs
  2 scorpions
  5 killer bees (D:9)
  A jelly (D:4)
  5 orc priests
  A gnoll bouda (D:6)
  3 iguanas (D:5)
  Ijyb (D:5)
  3 orc wizards
  A mummy (Ossuary)
  10 gnolls
  13 adders
  A white imp (D:6)
  2 worms
  3 dart slugs
  28 orcs
  4 spectral bats (Ossuary)
  11 ball pythons
  7 endoplasms
  8 giant cockroaches
  7 hobgoblins
  5 jackals
  10 quokkas
  7 bats
  2 bat simulacra (Ossuary)
  9 frilled lizards
  12 gnoll zombies (Ossuary)
  5 goblin simulacra (Ossuary)
  4 goblin zombies (Ossuary)
  9 hobgoblin zombies (Ossuary)
  5 kobolds
  3 kobold simulacra (Ossuary)
  2 kobold zombies (Ossuary)
  3 orc zombies (Ossuary)
  7 rats
  5 rat simulacra (Ossuary)
  5 spectral goblins (Ossuary)
  3 spectral kobolds (Ossuary)
  2 spectral rats (Ossuary)
222 creatures vanquished.

Vanquished Creatures (others)
  A killer bee (D:9)
1 creature vanquished.

Grand Total: 223 creatures vanquished

Notes
Turn   | Place    | Note
-------+----------+-------------------------------------------
     0 | D:1      | qw the Troll Cinder Acolyte began the quest for the Orb.
     0 | D:1      | Reached XP level 1. HP: 22/22 MP: 1/1
     0 | D:1      | 0 ||| qw: Version: 0.1-a-97-g2dd2ca4
     0 | D:1      | 0 ||| qw: Game counter: 4809
     0 | D:1      | 0 ||| qw: Always use a shield: true
     0 | D:1      | 0 ||| qw: God list: Okawaru
     0 | D:1      | 0 ||| qw: Allow faded altars: false
     0 | D:1      | 0 ||| qw: Do Orc after D:15 true
     0 | D:1      | 0 ||| qw: Do second Lair branch before Depths: true
     0 | D:1      | 0 ||| qw: Lair rune preference: random
     0 | D:1      | 0 ||| qw: Plans: Normal
     0 | D:1      | 0 ||| PLANNING D:1-11
    16 | D:1      | 16 ||| Stepping ~*~*~tactically~*~*~ (hiding).
    19 | D:1      | 19 ||| Stepping ~*~*~tactically~*~*~ (hiding).
   207 | D:1      | Reached XP level 2. HP: 29/29 MP: 2/2
   284 | D:1      | Found a faded altar of an unknown god.
   285 | D:1      | 285 ||| Stepping ~*~*~tactically~*~*~ (hiding).
   660 | D:1      | 660 ||| READING scroll labelled SAGRADGHALU.
   664 | D:1      | 664 ||| READING 3 scrolls labelled VESERE EKAH.
   665 | D:1      | 665 ||| READING scroll labelled TIUNYPTUOP.
   666 | D:1      | 666 ||| READING 2 scrolls of identify.
   666 | D:1      | 666 ||| IDENTIFYING puce potion
   680 | D:2      | Reached skill level 4 in Unarmed Combat
   680 | D:2      | 680 ||| STAIRDANCE
   771 | D:2      | Identified the ring "Uromucen" {rElec rN+ Will+++ SInv}
   819 | D:2      | Reached XP level 3. HP: 36/36 MP: 3/3
   838 | D:2      | 838 ||| Stepping ~*~*~tactically~*~*~ (stealth).
  1024 | D:2      | 1024 ||| Stepping ~*~*~tactically~*~*~ (stealth).
  1065 | D:2      | 1065 ||| Stepping ~*~*~tactically~*~*~ (stealth).
  1067 | D:2      | 1067 ||| Stepping ~*~*~tactically~*~*~ (stealth).
  1809 | D:2      | 1809 ||| UPGRADING to ring "Uromucen" {rElec rN+ Will+++
                  | SInv}.
  1810 | D:2      | 1810 ||| UPGRADING to ring of poison resistance.
  1811 | D:2      | 1811 ||| READING scroll labelled MOCLIOGOEPTA.
  1812 | D:2      | 1812 ||| DRINKING 2 viscous brown potions.
  1813 | D:2      | 1813 ||| DRINKING 2 ruby potions.
  1914 | D:3      | 1914 ||| Stepping ~*~*~tactically~*~*~ (hiding).
  2046 | D:3      | Reached skill level 5 in Unarmed Combat
  2046 | D:3      | Reached XP level 4. HP: 44/44 MP: 4/4
  2047 | D:3      | 2047 ||| Stepping ~*~*~tactically~*~*~ (outnumbered).
  2050 | D:3      | 2050 ||| Stepping ~*~*~tactically~*~*~ (outnumbered).
  2051 | D:3      | 2051 ||| Stepping ~*~*~tactically~*~*~ (outnumbered).
  2052 | D:3      | 2052 ||| Stepping ~*~*~tactically~*~*~ (outnumbered).
  2055 | D:3      | 2055 ||| Stepping ~*~*~tactically~*~*~ (outnumbered).
  2056 | D:3      | 2056 ||| Stepping ~*~*~tactically~*~*~ (outnumbered).
  2057 | D:3      | 2057 ||| Stepping ~*~*~tactically~*~*~ (outnumbered).
  2238 | D:3      | Noticed Sigmund
  2239 | D:3      | 2239 ||| Stepping ~*~*~tactically~*~*~ (hiding).
  2254 | D:3      | Killed Sigmund
  2255 | D:3      | Reached skill level 6 in Unarmed Combat
  2255 | D:3      | Reached XP level 5. HP: 38/50 MP: 5/5
  2285 | D:3      | 2285 ||| Stepping ~*~*~tactically~*~*~ (stealth).
  2287 | D:3      | 2287 ||| Stepping ~*~*~tactically~*~*~ (stealth).
  2292 | D:3      | 2292 ||| Stepping ~*~*~tactically~*~*~ (stealth).
  2294 | D:3      | Reached XP level 6. HP: 59/59 MP: 6/6
  2313 | D:3      | Reached skill level 7 in Unarmed Combat
  2582 | D:3      | Found a bloodstained altar of Trog.
  2677 | D:3      | 2677 ||| READING scroll labelled GAMUDO YSHAIRE.
  2678 | D:3      | 2678 ||| READING scroll labelled KAFEQI FUOMPO.
  2679 | D:3      | 2679 ||| READING 2 scrolls of identify.
  2679 | D:3      | 2679 ||| IDENTIFYING silvery potion
  2680 | D:3      | 2680 ||| DROPPING potion of berserk rage.
  2712 | D:4      | Found a sacrificial altar of Ru.
  2713 | D:4      | 2713 ||| STAIRDANCE
  2726 | D:4      | 2726 ||| STAIRDANCE
  2909 | D:4      | 2909 ||| Stepping ~*~*~tactically~*~*~ (hiding).
  2915 | D:4      | 2915 ||| INVOKING Fiery Armour.
  2971 | D:4      | Found a blossoming altar of Fedhas.
  3262 | D:4      | 3262 ||| Stepping ~*~*~tactically~*~*~ (hiding).
  3273 | D:4      | Reached skill level 8 in Unarmed Combat
  3273 | D:4      | Reached XP level 7. HP: 59/66 MP: 7/7
  3319 | D:4      | Found a glowing golden altar of the Shining One.
  3586 | D:4      | 3586 ||| UPGRADING to +0 cloak.
  3591 | D:4      | 3591 ||| READING scroll labelled LAMIOSTRUOD.
  3592 | D:4      | 3592 ||| READING scroll labelled CEGOGU DOM APT.
  3707 | D:5      | Entered Level 5 of the Dungeon
  3708 | D:5      | 3708 ||| PLANNING OSSUARY
  3739 | D:5      | Found the +3 woodcutter's axe {vorpal}
  3741 | D:5      | Found a staircase to the Ecumenical Temple.
  3742 | D:5      | 3742 ||| Stepping ~*~*~tactically~*~*~ (stealth).
  3748 | D:5      | 3748 ||| Stepping ~*~*~tactically~*~*~ (outnumbered).
  3749 | D:5      | 3749 ||| Stepping ~*~*~tactically~*~*~ (outnumbered).
  3750 | D:5      | 3750 ||| Stepping ~*~*~tactically~*~*~ (outnumbered).
  3752 | D:5      | 3752 ||| Stepping ~*~*~tactically~*~*~ (outnumbered).
  3833 | D:5      | Reached skill level 3 in Fighting
  4051 | D:5      | Noticed Ijyb
  4061 | D:5      | Killed Ijyb
  4124 | D:5      | Found an ancient bone altar of Kikubaaqudgha.
  4142 | D:5      | Found a sand-covered staircase.
  4143 | D:5      | 4143 ||| READING scroll labelled UKORUN QUZIOTH.
  4149 | Ossuary  | Entered an ossuary
  4156 | Ossuary  | 4156 ||| Stepping ~*~*~tactically~*~*~ (stealth).
  4158 | Ossuary  | 4158 ||| INVOKING Fiery Armour.
  4162 | Ossuary  | 4162 ||| Stepping ~*~*~tactically~*~*~ (outnumbered).
  4176 | Ossuary  | 4176 ||| Stepping ~*~*~tactically~*~*~ (stealth).
  4397 | Ossuary  | 4397 ||| INVOKING Fiery Armour.
  4704 | Ossuary  | 4704 ||| READING scroll labelled QAEXKO ODAUCVE.
  4705 | Ossuary  | 4705 ||| READING scroll labelled CAIWIU GAOTZ.
  4806 | Ossuary  | 4806 ||| READING scroll labelled OFOUNO FETT.
  4807 | Ossuary  | 4807 ||| DRINKING 2 lumpy inky potions.
  4808 | Ossuary  | 4808 ||| DRINKING 3 pink potions.
  4808 | Ossuary  | Gained mutation: You have a pair of small horns on your
                  | head. [potion of mutation]
  4808 | Ossuary  | Gained mutation: You are robust. (+10% HP) [potion of
                  | mutation]
  4808 | Ossuary  | Gained mutation: You possess an exceptional clarity of
                  | mind. [potion of mutation]
  4808 | Ossuary  | Gained mutation: You have a somewhat thin skeletal
                  | structure. (Dex +2, Stealth+) [potion of mutation]
  4814 | Ossuary  | 4814 ||| DROPPING potion of degeneration.
  4839 | D:5      | 4839 ||| PLANNING D:1-11
  4945 | D:5      | 4945 ||| Stepping ~*~*~tactically~*~*~ (stealth).
  5035 | D:5      | Found an iron altar of Okawaru.
  5385 | D:6      | 5385 ||| PLANNING SEWER
  5408 | D:6      | 5408 ||| Stepping ~*~*~tactically~*~*~ (stealth).
  5411 | D:6      | 5411 ||| Stepping ~*~*~tactically~*~*~ (stealth).
  5413 | D:6      | 5413 ||| Stepping ~*~*~tactically~*~*~ (stealth).
  5439 | D:6      | Reached skill level 9 in Unarmed Combat
  5602 | D:6      | Reached skill level 1 in Throwing
  5690 | D:6      | 5690 ||| Stepping ~*~*~tactically~*~*~ (stealth).
  5711 | D:6      | 5711 ||| Stepping ~*~*~tactically~*~*~ (stealth).
  5717 | D:6      | Reached skill level 1 in Dodging
  5717 | D:6      | Reached XP level 8. HP: 82/82 MP: 8/8
  5783 | D:6      | Found a glowing drain.
  5786 | D:6      | 5786 ||| Stepping ~*~*~tactically~*~*~ (hiding).
  5793 | D:6      | 5793 ||| Stepping ~*~*~tactically~*~*~ (outnumbered).
  5804 | D:6      | 5804 ||| INVOKING Fiery Armour.
  5851 | D:6      | 5851 ||| READING scroll labelled ZEUQ EDAAF.
  5851 | D:6      | Identified a scroll of acquirement
  5851 | D:6      | 5851 ||| ACQUIRING 835 gold pieces
  5851 | D:6      | Acquired 835 gold pieces
  5853 | D:6      | 5853 ||| DRINKING 2 fuming emerald potions.
  5854 | D:6      | 5854 ||| READING 2 scrolls of identify.
  5854 | D:6      | 5854 ||| IDENTIFYING grey potion
  5855 | D:6      | 5855 ||| DROPPING potion of attraction.
  5864 | Sewer    | Entered a sewer
  6296 | D:6      | 6296 ||| PLANNING D:1-11
  6342 | D:6      | 6342 ||| Stepping ~*~*~tactically~*~*~ (outnumbered).
  6345 | D:6      | 6345 ||| Stepping ~*~*~tactically~*~*~ (stealth).
  6347 | D:6      | 6347 ||| Stepping ~*~*~tactically~*~*~ (outnumbered).
  6348 | D:6      | 6348 ||| Stepping ~*~*~tactically~*~*~ (outnumbered).
  6349 | D:6      | 6349 ||| Stepping ~*~*~tactically~*~*~ (outnumbered).
  6350 | D:6      | 6350 ||| Stepping ~*~*~tactically~*~*~ (outnumbered).
  6351 | D:6      | 6351 ||| Stepping ~*~*~tactically~*~*~ (outnumbered).
  6352 | D:6      | 6352 ||| Stepping ~*~*~tactically~*~*~ (stealth).
  6359 | D:6      | 6359 ||| Stepping ~*~*~tactically~*~*~ (stealth).
  6360 | D:6      | 6360 ||| Stepping ~*~*~tactically~*~*~ (stealth).
  6362 | D:6      | 6362 ||| Stepping ~*~*~tactically~*~*~ (stealth).
  6364 | D:6      | 6364 ||| Stepping ~*~*~tactically~*~*~ (stealth).
  6368 | D:6      | 6368 ||| Stepping ~*~*~tactically~*~*~ (hiding).
  6375 | D:6      | Reached skill level 10 in Unarmed Combat
  6433 | D:6      | 6433 ||| Stepping ~*~*~tactically~*~*~ (hiding).
  6535 | D:6      | 6535 ||| Stepping ~*~*~tactically~*~*~ (hiding).
  6539 | D:6      | 6539 ||| INVOKING Fiery Armour.
  6540 | D:6      | 6540 ||| Stepping ~*~*~tactically~*~*~ (outnumbered).
  6549 | D:6      | 6549 ||| Stepping ~*~*~tactically~*~*~ (outnumbered).
  6551 | D:6      | 6551 ||| Stepping ~*~*~tactically~*~*~ (outnumbered).
  6552 | D:6      | 6552 ||| Stepping ~*~*~tactically~*~*~ (outnumbered).
  6553 | D:6      | 6553 ||| Stepping ~*~*~tactically~*~*~ (outnumbered).
  6554 | D:6      | 6554 ||| Stepping ~*~*~tactically~*~*~ (outnumbered).
  6555 | D:6      | 6555 ||| Stepping ~*~*~tactically~*~*~ (outnumbered).
  6556 | D:6      | 6556 ||| Stepping ~*~*~tactically~*~*~ (outnumbered).
  6557 | D:6      | 6557 ||| Stepping ~*~*~tactically~*~*~ (outnumbered).
  6558 | D:6      | 6558 ||| Stepping ~*~*~tactically~*~*~ (outnumbered).
  6559 | D:6      | 6559 ||| Stepping ~*~*~tactically~*~*~ (outnumbered).
  6560 | D:6      | 6560 ||| Stepping ~*~*~tactically~*~*~ (outnumbered).
  6562 | D:6      | 6562 ||| Stepping ~*~*~tactically~*~*~ (outnumbered).
  6708 | D:6      | Found a stormy altar of Qazlal.
  6817 | D:7      | You fall into a shaft and drop 3 floors!
  6817 | D:10     | Entered Level 10 of the Dungeon
  6826 | D:9      | 6826 ||| INVOKING Fiery Armour.
  6838 | D:9      | HP: 15/85 [centaur/arrow (10)]
  6838 | D:9      | HP: 7/85 [yak (8)]
  6839 | D:9      | Reached skill level 11 in Unarmed Combat
  6839 | D:9      | 6839 ||| READING 4 scrolls of teleportation.
  6839 | D:9      | Slain by a yak

Levels and vault maps discovered:
D:1:      spicycebolla_arrival_xxxplode, layout_basic,
          chequers_ecumenical_altar_island
D:2:      layout_basic, kennysheep_generic_room_10
D:3:      layout_loops_cross, trog_three_pillars_becter, uniq_sigmund
D:4:      layout_basic, kennysheep_mini, nicolae_ru_awakened_eye,
          mainiacjoe_overflow_brackets
D:5:      layout_basic, amcnicky_altar_gilded, mainiacjoe_overflow_alcove_2,
          minmay_temple_entry_waves, enter_ossuary_2, uniq_ijyb
D:6:      layout_gridville, kennysheep_little_box,
          cheibrodos_sewer_entry_sluice, feat_on_display
D:7:      layout_loops_cross, vehumet_statue
D:9:      layout_basic, mainiacjoe_overflow_paths, makhleb_altar_promises_db,
          mainiacjoe_overflow_tiny_flanked, nicolae_hepliaklqana_hazy_memory
D:10:     layout_stronghold, overflow_temple_1_default,
          mainiacjoe_overflow_catwalk, mainiacjoe_overflow_small_starburst,
          zin_purify, erik_lair_orcish_takeover, minivault_16, uniq_josephine

Skill      XL: |  1  2  3  4  5  6  7  8 |
---------------+-------------------------+-----
Unarmed Combat | 4 5 6 8 9 11 | 11.1
Fighting       | 3 4 |  4.0
Throwing       | 1 |  1.3
Dodging        | 1 |  1.0
Spellcasting   | |  1.0
Fire Magic     | |  2.1

Action                   |  1- 3 |  4- 6 |  7- 9 || total
-------------------------+-------+-------+-------++-------
Melee: Unarmed           |    88 |   135 |   269 ||   492
       Punch             |     2 |     2 |    15 ||    19
       Headbutt          |       |       |    14 ||    14
Throw: Boomerang         |       |       |    62 ||    62
Invok: Fiery Armour      |       |     1 |     5 ||     6
  Use: Scroll            |     5 |     3 |     9 ||    17
       Potion            |     2 |       |     3 ||     5
Armor: Robe              |    31 |    24 |    71 ||   126
Dodge: Dodged            |    40 |    42 |    98 ||   180

Table legend:
 A = Non-vault XP
 B = Vault XP
 C = Vault XP percentage of total XP
 D = Non-vault monster count
 E = Vault monster count
 F = Vault count percentage of total count
                 A         B        C        D         E       F
            +---------+---------+-------+---------+---------+-------
      Total |    2159 |     638 |  22.8 |     130 |      93 |  41.7
            +---------+---------+-------+---------+---------+-------
        D:1 |      26 |       0 |   0.0 |      13 |       0 |   0.0
        D:2 |      48 |       1 |   2.0 |      16 |       1 |   5.9
        D:3 |     163 |     231 |  58.6 |      27 |       1 |   3.6
        D:4 |     276 |       0 |   0.0 |      26 |       0 |   0.0
        D:5 |     296 |      36 |  10.8 |      13 |       1 |   7.1
        D:6 |     643 |       8 |   1.2 |      27 |       3 |  10.0
        D:7 |     133 |       0 |   0.0 |       1 |       0 |   0.0
        D:9 |     574 |       0 |   0.0 |       7 |       0 |   0.0
      Sewer |       0 |     272 | 100.0 |       0 |      27 | 100.0
    Ossuary |       0 |      90 | 100.0 |       0 |      60 | 100.0
            +---------+---------+-------+---------+---------+-------
